Map: Magannatha LE

Players

KimChiLoVer - Winner!

  • Race: Terran Terran
  • League: Diamond
  • Spawn Location: 11:00

JokerSam

  • Race: Protoss Protoss
  • League: Diamond
  • Spawn Location: 5:00

VOD

Have the link to the VOD?

Description

Time

  • Played on: Nov. 6, 2025, 7:11 p.m.
  • Length: 6:21
Show
View Real Time Build Order
Export as new Build Order

KimChiLoVer Terran - Winner!

Build Orders:  

Get SALT Encoding   

  12  0:00  SCV  
  13  0:13  SCV  
  14  0:17  Supply Depot  
  14  0:25  SCV  
  15  0:39  SCV, Barracks  
  16  0:45  Refinery  
  16  0:51  SCV  
  16  0:55  Refinery  
  17  1:03  SCV  
  18  1:10  Supply Depot  
  18  1:15  SCV  
  19  1:28  Marine  
  20  1:46  Orbital Command  
  20  1:53  Marine  
  21  2:16  Marine  
  22  2:23  Supply Depot  
  22  2:24  SCV  
  22  2:25  Factory  
  23  2:32  Supply Depot  
  23  2:45  SCV  
  24  2:57  SCV  
  25  3:00  Marine  
  26  3:06  Bunker  
  26  3:09  SCV  
  25  3:21  SCV  
  25  3:22  Factory Tech Lab  
  25  3:31  Marine  
  26  3:37  Supply Depot  
  26  3:41  SCV, Barracks x2, Supply Depot  
  26  3:42  Cyclone, Supply Depot  
  27  3:59  Barracks Tech Lab  
  27  4:02  Barracks  
  27  4:04  SCV  
  28  4:33  Marine x3  
  31  4:42  Siege Tank  
  34  4:50  Marine x2  
  34  4:51  Marine x2  
  38  5:08  Marine x4  
  38  5:12  SCV  
  38  5:14  Starport, Supply Depot  
  41  5:26  Marine  
  39  5:32  Marine x3  
  42  5:44  Marine  
  40  5:50  Marine x2  
Show
View Real Time Build Order
Export as new Build Order

JokerSam Protoss 

Build Orders:  

Get SALT Encoding   

  12  0:00  Probe  
  13  0:12  Probe  
  14  0:20  Pylon  
  14  0:24  Probe  
  15  0:34  Probe  
  15  0:41  Forge  
  16  0:43  Probe  
  17  1:02  Pylon  
  17  1:05  Pylon  
  17  1:13  Probe  
  18  1:20  Pylon, Photon Cannon  
  17  1:25  Probe  
  18  1:37  Probe  
  19  1:48  Assimilator  
  19  1:50  Assimilator, Probe  
  20  2:05  Gateway  
  20  2:09  Photon Cannon  
  19  2:18  Photon Cannon  
  19  2:27  Probe  
  20  2:38  Pylon  
  20  2:39  Probe  
  21  2:46  Zealot  
  21  2:55  Probe  
  23  3:04  Cybernetics Core  
  23  3:10  Zealot  
  25  3:36  Probe  
  26  3:43  Stalker  
  26  3:48  Probe  
  27  3:49  Pylon, Stargate  
  25  4:01  Pylon  
  25  4:02  Probe  
  26  4:14  Pylon  
  26  4:31  Shield Battery  
  30  4:39  Void Ray  
  30  4:47  Probe  
  30  4:52  Fleet Beacon  
  31  4:59  Photon Cannon  
  31  5:01  Shield Battery  
  31  5:28  Tempest  
  29  5:36  Shield Battery  
  29  5:42  Photon Cannon  
  29  5:50  Photon Cannon  
  29  5:56  Shield Battery  
Tags
 
Add a new tag
Caveats
  • Supply blocks, unpowered buildings, or Contaminate may cause inaccurate times.
  • Supply counts are checked every 10 seconds.